 Dungeon Crawl Stone Soup version 0.25.1-2-g60ff931df9 (webtiles) character file.

Game seed: 12922535116430273287

343 Delamore the Cudgeler (level 6, -7/37 HPs)
             Began as a Gargoyle Fighter on Aug 2, 2020.
             Killed from afar by an orc wizard (9 damage)
             ... with a puff of frost
             ... on level 3 of the Dungeon.
             The game lasted 00:02:07 (3084 turns).

Delamore the Cudgeler (Gargoyle Fighter)            Turns: 3084, Time: 00:02:07

Health: -7/37      AC: 12    Str: 22    XL:     6   Next: 57%
Magic:  6/6        EV:  7    Int:  8    God:
Gold:   192        SH:  9    Dex:  9    Spells: 5/5 levels left

rFire    + . .     SeeInvis .   o - +0 morningstar
rCold    x . .     Gourm    .   c - +0 kite shield
rNeg     + . .     Faith    .   p - +0 scale mail {MR+}
rPois    ∞         Spirit   .   l - +0 helmet
rElec    +         Reflect  .   (no cloak)
rCorr    .         Harm     .   (no gloves)
MR       +....                  (no boots)
Stlth    ..........             (no amulet)
HPRegen  0.12/turn              q - ring of fire (curse)
MPRegen  0.10/turn              (no ring)

@: no status effects
A: negative energy resistance 1, electricity resistance, unbreathing,
petrification resistance, rot immunity, AC +4
a: no special abilities


You were on level 3 of the Dungeon.
You were hungry.

You visited 1 branch of the dungeon, and saw 4 of its levels.

You collected 192 gold pieces.

Inventory:

Hand Weapons
 a - a +0 flail
 o - a +0 morningstar (weapon)
Armour
 b - a +0 scale mail
 c - a +0 kite shield (worn)
 l - a +0 helmet (worn)
 p - a +0 scale mail of magic resistance (worn)
Jewellery
 q - a cursed ring of fire (left hand)
 t - a cursed -4 ring of protection {unknown}
Scrolls
 e - 4 scrolls of enchant weapon {unknown}
 h - 2 scrolls of remove curse {unknown}
 i - a scroll of teleportation {unknown}
 k - a scroll of enchant armour {unknown}
 n - 3 scrolls of amnesia {unknown}
 r - 2 scrolls of identify {unknown}
 s - a scroll of fog {unknown}
Potions
 d - a potion of might
 g - a potion of cancellation {unknown}
 m - 2 potions of stabbing {unknown}
 u - a potion of brilliance {unknown}
Comestibles
 f - 4 rations
 j - 7 chunks of flesh


   Skills:
 - Level 3.2 Fighting
 + Level 6.8 Maces & Flails
 - Level 3.2 Armour
 - Level 3.2 Shields


You had 5 spell levels left.
You didn't know any spells.
Your spell library was empty.

Dungeon Overview and Level Annotations

Branches:
Dungeon (4/15)
 Temple: D:4-7

Altars:
Ru


Innate Abilities, Weirdness & Mutations

You are resistant to torment.
Your stone body is resilient. (AC +4)
You are immune to poison.
You resist negative energy. (rN+)
You are resistant to electric shocks. (rElec)
You can survive without breathing.
You are immune to petrification.
You are immune to rotting.


Message History

You barely miss the orc wizard. The adder closely misses you.
The orc wizard hits you but does no damage.
The adder bites you but does no damage.
You are feeling hungry.
You puncture the orc wizard!
The orc wizard is almost dead.
The orc wizard casts a spell at you. The puff of flame hits you. You resist.
* * * LOW HITPOINT WARNING * * *
The adder bites you but does no damage.
The orc wizard gestures at you while chanting.
The puff of flame hits you. You resist.
* * * LOW HITPOINT WARNING * * *
You closely miss the orc wizard.
The orc wizard is almost dead.
The orc wizard looks encouraged for a moment.
You block the adder's attack.
The orc wizard points at you and mumbles some strange words.
The puff of frost hits you!
You feel a terrible chill!
You die...

#.##.##.....
#.##.##.<.##
##.##........
######...#........
#######.................
#...).....##...#........
#.#####.#.###.##.##...##
#.# #o#.# ####.###>##
#.# #@#.# #.# #.# #.#
##S#.######.###.#
#.####............##.#
#..)...#..........##.#
#.######...######.##.#
#.######...# ##...#.#
#.##.......# #......#
#....####..# #....###
#.##.####..# #.#.##


You could see an orc wizard (fast) and an adder.

Vanquished Creatures
  Sigmund (D:2)
  2 orc wizards (D:4)
  Terence (D:2)
  2 adders (D:2)
  2 dart slugs
  A leopard gecko (D:2)
  8 orcs (D:4)
  6 bats
  3 giant cockroaches
  7 goblins
  5 hobgoblins
  16 jackals
  2 ball pythons
  7 frilled lizards
  3 kobolds
  5 rats
71 creatures vanquished.

Notes
Turn   | Place    | Note
-------+----------+-------------------------------------------
     0 | D:1      | Delamore the Gargoyle Fighter began the quest for the Orb.
     0 | D:1      | Reached XP level 1. HP: 14/14 MP: 1/1
   177 | D:1      | Reached XP level 2. HP: 15/19 MP: 2/2
   331 | D:1      | Reached skill level 3 in Maces & Flails
   643 | D:1      | Reached XP level 3. HP: 23/23 MP: 3/3
  1179 | D:2      | Noticed Sigmund
  1195 | D:2      | Killed Sigmund
  1195 | D:2      | Reached skill level 5 in Maces & Flails
  1195 | D:2      | Reached XP level 4. HP: 13/28 MP: 4/4
  1195 | D:2      | Reached XP level 5. HP: 15/32 MP: 5/5
  1475 | D:2      | Noticed Terence
  1486 | D:2      | Killed Terence
  1486 | D:2      | Reached skill level 6 in Maces & Flails
  1486 | D:2      | Reached XP level 6. HP: 22/37 MP: 6/6
  1823 | D:2      | Found a sacrificial altar of Ru.
  3084 | D:3      | Killed from afar by an orc wizard

Illustrated notes

Levels and vault maps discovered:
D:1:      psy_arrival_whirlpool, layout_loops_corners, minmay_close_crescents
D:2:      layout_basic, nicolae_ru_awakened_eye, uniq_sigmund, uniq_terence
D:3:      layout_loops_ring
D:4:      layout_gridville, first_ration, gammafunk_ghost_mausoleum

Skill      XL: |  1  2  3  4  5 |
---------------+----------------+-----
Maces & Flails | 3 5 6 |  6.8
Fighting       | |  3.2
Armour         | |  3.2
Shields        | |  3.2

Action                   |  1- 3 |  4- 6 || total
-------------------------+-------+-------++-------
Melee: Flail             |   129 |    20 ||   149
       Morningstar       |       |   148 ||   148
  Eat: Chunk             |     1 |     6 ||     7
Armor: Scale mail        |    93 |   118 ||   211
Dodge: Dodged            |    61 |    63 ||   124
Block: Kite shield       |    87 |    95 ||   182
